 Dungeon Crawl Stone Soup version 0.14.1-26-g5a19342 (webtiles) character file.

1547 Kae the Spear-Bearer (level 8, -4/67 HPs)
             Began as a Naga Gladiator on July 24, 2014.
             Was a Believer of Cheibriados.
             Slain by a wight
             ... wielding a +3,+1 flail
              (6 damage)
             ... on Level 6 of the Dungeon.
             The game lasted 00:15:32 (7100 turns).

Kae the Spear-Bearer (Naga Gladiator)               Turns: 7100, Time: 00:15:32

HP  -4/67        AC  9     Str 29      XL: 8   Next: 55%
MP  17/17        EV 10     Int 14      God: Cheibriados [**....]
Gold 259         SH  0     Dex 17      Spells:  0 memorised,  7 levels left

rFire  x . .     SeeInvis +     a - +0 trident
rCold  + . .     Clarity  .     z - +0 leather armour
rNeg   . . .     Conserve +     (no shield)
rPois  +         rCorr    .     c - +0 helmet
rElec  .         rRot     .     k - +2 cloak
SustAb . .       Spirit   .     y - +0 pair of gloves
rMut   .         Warding  .     (no barding)
Saprov . . .     Stasis   .     o - amulet of conservation
MR     +....                    h - ring "Mnofuxt" {Ice +Rage}
                                w - ring of magical power

@: mighty, drained, very slow, somewhat resistant to hostile enchantments,
unstealthy
A: spit poison, see invisible, deformed body, poison resistance, slowness 2, AC
+2
a: Spit Poison, Bend Time, Renounce Religion, Evoke Berserk Rage


You were on level 6 of the Dungeon.
You worshipped Cheibriados.
Cheibriados was pleased with you.
You were not hungry.

You visited 2 branches of the dungeon, and saw 7 of its levels.
You also visited: Ossuary.

You collected 259 gold pieces.

Inventory:

Hand weapons
 a - a +0,+0 trident (weapon)
 b - a +0,-1 spear
Missiles
 d - a throwing net (quivered)
Armour
 c - a +0 helmet (worn)
 k - a +2 cloak (worn)
 y - a +0 pair of gloves (worn)
 z - a +0 leather armour (worn)
Magical devices
 j - a wand of random effects (9) {unknown}
Comestibles
 f - 4 bread rations
 m - 2 meat rations
 n - 2 rotting chunks of quokka flesh
 s - a choko
Scrolls
 e - a scroll of teleportation
 g - 2 scrolls of fog
 r - 4 scrolls of remove curse
 u - 2 scrolls of blinking
 x - a scroll of magic mapping
 A - a scroll of fear
Jewellery
 h - the ring "Mnofuxt" (right hand) {Ice +Rage}
   (You found it on level 6 of the Dungeon)

   [ring of ice]

   It lets you go berserk.
   Cheibriados disapproves of the use of such an item.
 o - an amulet of conservation (around neck)
 t - an uncursed ring of sustenance {unknown}
 w - a ring of magical power (left hand)
Potions
 i - a potion of curing
 l - a potion of agility
 p - 2 potions of brilliance
 q - a potion of invisibility
 v - a potion of might
 D - a potion of flight
 E - a potion of magic
Books
 C - a book of the Tempests

   Spells                             Type                      Level
   Static Discharge                   Conjuration/Air              3
   Lightning Bolt                     Conjuration/Air              5
   Fireball                           Conjuration/Fire             5
   Tornado                            Air                          9
   Shatter                            Earth                        9


   Skills:
 - Level 2.0(1.2) Fighting
 + Level 10.5(9.5) Polearms
 - Level 1.7(0.9) Throwing
 - Level 2.4(1.6) Dodging


You had 7 spell levels left.
You didn't know any spells.

Dungeon Overview and Level Annotations

Branches:
Dungeon (6/15)             Temple (1/1) D:5

Altars:
Ashenzari
Cheibriados
Dithmenos
Elyvilon
Fedhas
Kikubaaqudgha
Makhleb
Nemelex Xobeh
Okawaru
Trog
Vehumet
Xom
Yredelemnul
Zin
The Shining One

Shops:
D:4 (   D:6 !

Annotations:
D:6 Wutend's ghost, experienced TrBe


Innate Abilities, Weirdness & Mutations

You cannot wear boots.
You can spit poison.
Your serpentine skin is tough (AC +2).
You have supernaturally acute eyesight.
Armour fits poorly on your strangely shaped body.
Your system is resistant to poisons.
You cover ground very slowly.


Message History

Cheibriados thoroughly appreciates the change of pace.
The wight hits you with a flail.
* * * LOW HITPOINT WARNING * * *
Drink which item? (? for menu, Esc to quit)
You feel better.
Drink which item? (? for menu, Esc to quit)
You feel better.
The wight zaps a wand.
You resist with almost no effort. The wight hits you with a flail.
* * * LOW HITPOINT WARNING * * *
You hit the wight.
The wight is moderately damaged.
The wight hits you with a flail!
* * * LOW HITPOINT WARNING * * *
You feel drained.
* * * LOW HITPOINT WARNING * * *
You puncture the wight!
The wight is severely damaged.
The wight zaps a wand.
You resist with almost no effort. The wight hits you with a flail.
You die...

......###......######........#
.............................###
...................z............
......#..........####.[z.....##
.................####...z....##..
...................z.............
..>...#..........########.#####..
##..###.......)z)# #.# ##..#
#........)@#### ##.#####.. ##..#
#...........z.####......... ##..#
#..........................
##..#####.#######................
...)).)..)# #................
##..#####.# #.......#.#.#.###
##..# ###.#######.......#.#.#.#
##..# #.........#.......#.#.#.#
##..###.........#.......#.#.#.#


You could see 2 wights.

Vanquished Creatures
  2 ogres
  Duvessa (D:6)
  A scorpion (D:4)
  3 wights (D:6)
  3 crimson imps
  Dowan (D:6)
  A giant frog zombie (D:4)
  A centaur skeleton (D:3)
  A jelly (D:6)
  2 orc priests
  2 orc wizards
  4 hounds
  4 worker ants
  A hound zombie (D:6)
  3 mummies (Ossuary)
  4 gnolls
  9 adders
  4 worms
  4 adder zombies (Ossuary)
  4 giant geckos
  8 orcs
  13 giant cockroaches
  7 hobgoblins
  10 kobolds
  3 quokkas
  A ball python (D:1)
  8 bats
  4 giant newts
  A gnoll skeleton (D:4)
  12 goblins
  A goblin zombie (Ossuary)
  A hobgoblin skeleton (D:4)
  5 hobgoblin zombies (Ossuary)
  15 jackals
  A kobold skeleton (D:4)
  2 kobold zombies (Ossuary)
  A quokka zombie (Ossuary)
  9 rats
  5 rat zombies (Ossuary)
162 creatures vanquished.

Vanquished Creatures (others)
  A hound (D:4)
  An adder (D:4)
  A bat (D:4)
  A giant newt (D:4)
  A rat skeleton (D:4)
5 creatures vanquished.

Grand Total: 167 creatures vanquished

Notes
Turn   | Place    | Note
--------------------------------------------------------------
     0 | D:1      | Kae, the Naga Gladiator, began the quest for the Orb.
     0 | D:1      | Reached XP level 1. HP: 19/19 MP: 1/1
   176 | D:1      | Reached XP level 2. HP: 8/26 MP: 2/2
   773 | D:1      | Reached skill level 4 in Polearms
  1092 | D:1      | Reached XP level 3. HP: 32/32 MP: 3/3
  1874 | D:2      | Found a basalt altar of Yredelemnul.
  1875 | D:2      | Reached XP level 4. HP: 39/39 MP: 4/4
  1878 | D:2      | Found a burning altar of Makhleb.
  1881 | D:2      | Found a sparkling altar of Nemelex Xobeh.
  2297 | D:3      | Reached skill level 5 in Polearms
  2642 | D:3      | Reached XP level 5. HP: 30/45 MP: 5/5
  2777 | D:3      | Reached skill level 6 in Polearms
  3140 | D:4      | Reached XP level 6. HP: 41/52 MP: 6/6
  3162 | D:4      | Noticed an orc warrior
  3337 | D:4      | Reached skill level 7 in Polearms
  3508 | D:4      | Noticed an ogre
  3519 | D:4      | Killed an ogre
  3705 | D:4      | Found Kluipt's Antique Weapon Shop.
  3715 | D:4      | Found a shimmering altar of Xom.
  3746 | D:4      | Reached XP level 7. HP: 26/60 MP: 7/7
  4113 | D:4      | Reached skill level 8 in Polearms
  4258 | D:5      | Entered Level 5 of the Dungeon
  4529 | D:5      | Found a sand-covered staircase.
  4542 | D:5      | Found a staircase to the Ecumenical Temple.
  4546 | Temple   | Entered the Ecumenical Temple
  4575 | Temple   | Became a worshipper of Cheibriados the Contemplative
  4602 | Ossuary  | Entered an ossuary
  5172 | D:6      | Noticed Wutend's ghost (experienced TrBe)
  5719 | D:6      | Reached skill level 9 in Polearms
  5937 | D:6      | Reached XP level 8. HP: 62/67 MP: 8/8
  5988 | D:6      | Found Steseism's Distillery.
  6085 | D:6      | Got a vibrating tin ring
  6405 | D:6      | Noticed Duvessa
  6409 | D:6      | Killed Duvessa
  6415 | D:6      | Noticed Dowan
  6429 | D:6      | Killed Dowan
  6429 | D:6      | Reached skill level 10 in Polearms
  7099 | D:6      | HP: 2/67 [wight/flail (4)]
  7100 | D:6      | Slain by a wight

Action                   |  1- 3 |  4- 6 |  7- 9 || total
-------------------------+-------+-------+-------++-------
Melee: Trident           |   129 |   237 |   384 ||   750
       Spear             |       |       |     4 ||     4
Throw: Throwing net      |       |     2 |       ||     2
  Use: Scroll            |       |    10 |    14 ||    24
       Potion            |       |       |    15 ||    15
 Stab: Sleeping          |       |     1 |       ||     1
       Invisible         |       |       |     2 ||     2
